 Dungeon Crawl Stone Soup version 0.13-a0-3016-gcb2faac (webtiles) character file.

343 Econoterrorist the Skirmisher (level 5, -7/34 HPs)
             Began as a Gargoyle Fighter on Sept 12, 2013.
             Killed by divine providence
             ... invoked by an orc priest
              (17 damage)
             ... on Level 3 of the Dungeon.
             The game lasted 00:12:38 (2284 turns).

Econoterrorist the Skirmisher (Gargoyle Fighter)    Turns: 2284, Time: 00:12:39

HP  -7/34        AC 15     Str 19      XL: 5   Next: 95%
MP   4/4         EV  1     Int  9      God:
Gold 125         SH 18     Dex 10      Spells:  0 memorised,  4 levels left

Res.Fire  : . . .   See Invis. : .   q - -1,+1 orc mace
Res.Cold  : . . .   Warding    : .   o - +0 chain mail
Life Prot.: + . .   Conserve   : .   c - +0 shield
Res.Poison: +       Res.Corr.  : .   (no helmet)
Res.Elec. : +       Clarity    : .   h - +1 cloak
Sust.Abil.: . .     Spirit.Shd : .   (no gloves)
Res.Mut.  : .       Stasis     : .   (no boots)
Res.Rott. : +       Flight     : .   (no amulet)
Saprovore : . . .                    l - ring of poison resistance {unknown}
                                     e - cursed -3 ring of evasion

@: slightly resistant to hostile enchantments, extremely unstealthy
A: fangs 1, talons 2, life protection 1, electricity resistance, slow metabolism
1, unbreathing, petrification resistance, AC +4
a: no special abilities


You were on level 3 of the Dungeon.
You were not hungry.

You visited 1 branch of the dungeon, and saw 3 of its levels.

You collected 105 gold pieces.

Inventory:

Hand weapons
 a - a +0,+0 mace
 q - a -1,+1 orcish mace (weapon)
Armour
 c - a +0 shield (worn)
 h - a +1 cloak (worn)
 o - a +0 chain mail (worn)
Magical devices
 p - a wand of slowing (16) {unknown}
Comestibles
 d - 3 bread rations
Scrolls
 f - a scroll of remove curse
 g - 2 scrolls of identify
 r - a scroll of enchant weapon I {unknown}
Jewellery
 e - a cursed -3 ring of evasion (left hand)
 l - a ring of poison resistance (right hand) {unknown}
Potions
 b - a potion of slowing {unknown}
 i - 2 potions of curing {unknown}
 j - a potion of heal wounds {unknown}
 k - a potion of might {unknown}
 m - a potion of paralysis {unknown}
 n - a potion of magic {unknown}


   Skills:
 + Level 5.4 Fighting
 + Level 4.9 Maces & Flails
 - Level 3.2 Armour
 - Level 3.2 Shields


You had 4 spell levels left.
You didn't know any spells.

Dungeon Overview and Level Annotations

Branches:
Dungeon (3/27)

Altars:
Trog


Innate Abilities, Weirdness & Mutations

You are resistant to torment.
You are immune to poison.
Your stone body is very resilient (AC +4).
You have very sharp teeth.
You have razor-sharp toenails.
You resist negative energy.
You are resistant to electric shocks.
You have a slow metabolism.
You can survive without breathing.
You are immune to petrification.


Message History

r - a scroll labeled BETOTOVV YSUE An orc comes into view.
It is wielding an orcish hand axe.
The orc shouts!
An orc and an orc priest come into view.
The orc shouts!
The orc priest shouts!
The orc priest mumbles some strange prayers to Beogh against you.
Something smites you!
Found a scroll labeled OHEZET XUDESOE.
The orc priest mumbles some strange prayers to Beogh against you.
Pain shoots through your body!
* * * LOW HITPOINT WARNING * * *
Read which item? (? for menu, Esc to quit)
As you read the scroll labeled OHEZET XUDESOE, it crumbles to dust.
Use on which item? (\ to view known items) (? for menu, Esc to quit)
f - a scroll of remove curse It was a scroll of identify.
The orc priest calls down the wrath of Beogh upon you.
Something smites you!
Ouch! That really hurt!
You die...

#........##.#####.#
?. #........##.#
#.# ....
#..)....##### ###
..o..#......##
....o#.....##
.....o.....##
.......o..##
######.#.## # #@#
#...+ ###.# #.# #..
#.. #.. #... #..


You could see an orc priest and an orc.

Vanquished Creatures
  An orc priest (D:3)
  6 adders
  6 gnolls (D:2)
  A giant mite (D:2)
  A worm (D:2)
  4 giant geckos
  An ooze (D:1)
  5 orcs
  2 ball pythons
  A giant cockroach (D:2)
  11 goblins
  3 hobgoblins
  5 jackals
  3 bats
  A giant newt (D:2)
  4 kobolds (D:2)
  2 rats
57 creatures vanquished.

Notes
Turn   | Place    | Note
--------------------------------------------------------------
     0 | D:1      | Econoterrorist, the Gargoyle Fighter, began the quest for the Orb.
     0 | D:1      | Reached XP level 1. HP: 14/14 MP: 0/0
   160 | D:1      | Reached XP level 2. HP: 19/19 MP: 1/1
   462 | D:1      | Reached XP level 3. HP: 24/24 MP: 2/2
   666 | D:2      | Reached skill level 4 in Fighting
   932 | D:2      | Reached XP level 4. HP: 19/29 MP: 3/3
  1128 | D:2      | Reached XP level 5. HP: 19/34 MP: 4/4
  1184 | D:2      | Reached skill level 5 in Fighting
  1394 | D:2      | Found a bloodstained altar of Trog.
  2284 | D:3      | Killed from afar by an orc priest

Action                   |  1- 3 |  4- 6 || total
-------------------------+-------+-------++-------
Melee: Mace              |    75 |   101 ||   176
  Use: Scroll            |       |     1 ||     1
